 Dungeon Crawl Stone Soup version 0.27.1 (webtiles) character file.

Game seed: 16121045048440964311

1 nxtlvl the Charlatan (level 1, 0/11 HPs)
             Began as a Deep Elf Artificer on Aug 31, 2021.
             Slain by a ball python (2 damage)
             ... on level 1 of the Dungeon.
             The game lasted 00:00:37 (92 turns).

nxtlvl the Charlatan (Deep Elf Artificer)             Turns: 92, Time: 00:00:38

Health: 0/11       AC:  3    Str:  9    XL:     1   Next: 16%
Magic:  3/3        EV:  9    Int: 15    God:
Gold:   27         SH:  0    Dex: 15    Spells: 0/0 levels left

rFire    . . .     SeeInvis .   a - +0 club
rCold    . . .     Faith    .   (no shield)
rNeg     . . .     Spirit   .   b - +0 leather armour
rPois    .         Reflect  .   (no helmet)
rElec    .         Harm     .   (no cloak)
rCorr    .         Rampage  .   (no gloves)
Will     .....                  (no boots)
Stlth    ++........             (no amulet)
HPRegen  0.03/turn              (no ring)
MPRegen  0.08/turn              (no ring)

@: constricted
A: no striking features
a: no special abilities


You were on level 1 of the Dungeon.
You visited 1 branch of the dungeon, and saw 1 of its levels.

You collected 27 gold pieces.

Inventory:

Hand Weapons
 a - a +0 club (weapon)
Armour
 b - a +0 leather armour (worn)
Wands
 c - a wand of flame (14) (quivered)
 d - a wand of charming (15)
Scrolls
 f - a scroll of identify {unknown}
Miscellaneous
 e - a piece from Xom's chessboard (15/15)


   Skills:
 - Level 0.7 Fighting
 - Level 0.7 Armour
 - Level 2.4 Dodging
 - Level 1.2 Stealth
 + Level 3.4 Evocations


You couldn't memorise any spells.
You didn't know any spells.
Your spell library was empty.

Dungeon Overview and Level Annotations

Branches:
Dungeon (1/15)

Altars:


Message History

Welcome, nxtlvl the Deep Elf Artificer.
It is said that the Orb of Zot exists deep within this dungeon.
Press ? for a list of commands and other information.
Found a staircase leading out of the dungeon.
An endoplasm comes into view.
Found 9 gold pieces.
You now have 9 gold pieces.
Found a scroll labelled YLUXEU OVAZU.
f - a scroll labelled YLUXEU OVAZU An endoplasm comes into view.
The endoplasm quivers.
Found 5 gold pieces.
Found 18 gold pieces.
You see here 5 gold pieces.
You see here 18 gold pieces.
You now have 27 gold pieces (gained 18).
A ball python comes into view.
The ball python hisses angrily.
Aiming: Throw Flame
Press: ? - help, Shift-Dir - straight line, f - endoplasm
Aim: an endoplasm (98% to hit)
The puff of flame hits the endoplasm.
You kill the endoplasm!
The ball python bites you. The ball python closely misses you.
You barely miss the ball python. The ball python barely misses you. x2
You closely miss the ball python. The ball python bites you.
The ball python grabs you. The ball python constricts you.
The ball python bites you. The ball python constricts you.
You closely miss the ball python. The ball python bites you.
The ball python constricts you.
You closely miss the ball python. The ball python closely misses you.
The ball python constricts you.
* * * LOW HITPOINT WARNING * * *
The ball python bites you but does no damage.
The ball python constricts you.
You hit the ball python but do no damage.
The ball python barely misses you. The ball python constricts you.
* * * LOW HITPOINT WARNING * * *
You completely miss the ball python. The ball python bites you.
You die...

..# #.# #.# ## ... .. #.# .# #S#
.# ##############.# .#
......$.....##.##.#####.
...............S@....... #
.#########...####.###### . .#
.........# #.########### # .#
.####....# #...........# # J# .#
##.#.# #...#####...# # .####J##
#.#^###..#.....#..## #
..##...####.#.##..#.......#..####
...J.#....#.#.#..#....<....#.....
..##...#... #.#...#.......#......


You could see a ball python.

Vanquished Creatures
  An endoplasm (D:1)
1 creature vanquished.

Notes
Turn   | Place    | Note
-------+----------+-------------------------------------------
     0 | D:1      | nxtlvl the Deep Elf Artificer began the quest for the Orb.
     0 | D:1      | Reached XP level 1. HP: 11/11 MP: 3/3
    92 | D:1      | Slain by a ball python

Illustrated notes

Levels and vault maps discovered:
D:1:      scummos_arrival_hexagon, layout_loops_ring

Action                   || total
-------------------------++-------
Melee: Club              ||     6
Evoke: Wand              ||     1
Armor: Leather armour    ||     1
Dodge: Dodged            ||     5
